 Dungeon Crawl Stone Soup version 0.18.1-50-g88ac8fd (webtiles) character file.

173 spiff the Insei (level 5, 0/25 HPs)
             Began as a Vine Stalker Transmuter on Sept 27, 2016.
             Slain by Natasha (8 damage)
             ... on level 3 of the Dungeon.
             The game lasted 00:06:40 (2228 turns).

spiff the Insei (Vine Stalker Transmuter)           Turns: 2228, Time: 00:06:41

Health: 0/25       AC:  2    Str: 13    XL:     5   Next: 53%
Magic:  0/9        EV:  7    Int: 16    God:
Gold:   85         SH:  0    Dex: 15    Spells: 1 memorised, 7 levels left

rFire  . . .     SeeInvis .       - Unarmed
rCold  + . .     Gourm    .     j - +0 robe {rC+}
rNeg   . . .     Faith    .     (no shield)
rPois  .         Spirit   +     (no helmet)
rElec  .         Dismiss  .     (no cloak)
rCorr  .         Reflect  .     (no gloves)
SustAt .         Harm     .     (no boots)
MR     .....                    (no amulet)
Stlth  +.........               (no ring)
                                h - +3 ring of intelligence

@: not resistant to hostile enchantments, very unstealthy
A: fangs 2, regeneration 1, magic shield, antimagic bite, no device heal 3, rot
immunity
a: no special abilities


You were on level 3 of the Dungeon.
You were not hungry.

You visited 1 branch of the dungeon, and saw 3 of its levels.

You collected 85 gold pieces.

Inventory:

Missiles
 a - 34 arrows
Armour
 j - a +0 robe of cold resistance (worn)
Jewellery
 h - a +3 ring of intelligence (left hand)
Scrolls
 e - 3 scrolls of identify {unknown}
 f - 3 scrolls of recharging {unknown}
 k - a scroll of enchant armour {unknown}
 l - a scroll of enchant weapon {unknown}
 n - 5 scrolls of remove curse {unknown}
 p - 2 scrolls of teleportation {unknown}
 q - a scroll of noise {unknown}
Potions
 g - 2 potions of heal wounds {unknown}
 i - a potion of agility {unknown}
 m - a potion of curing {unknown}
 o - a potion of haste {unknown}
Books
 c - a book of Changes

   Spells                             Type                      Level
   a - Beastly Appendage              Transmutation                1
   b - Sticks to Snakes               Transmutation                2
   c - Spider Form                    Transmutation/Poison         3
   d - Ice Form                       Ice/Transmutation            4
   e - Blade Hands                    Transmutation                5
 r - a book of the Dragon

   Spells                             Type                      Level
   a - Flame Tongue                   Conjuration/Fire             1
   b - Cause Fear                     Hexes                        4
   c - Bolt of Fire                   Conjuration/Fire             6
   d - Dragon Form                    Transmutation                7
   e - Dragon's Call                  Summoning                    9
Comestibles
 b - 4 chunks of flesh
 d - a bread ration


   Skills:
 - Level 0.8 Fighting
 - Level 1.5 Dodging
 + Level 4.9 Unarmed Combat
 - Level 2.1 Spellcasting
 + Level 4.0 Transmutations


You had 7 spell levels left.
You knew the following spells:

 Your Spells              Type           Power        Failure   Level  Hunger
a - Beastly Appendage     Trmt           ##....       4%          1    #......


Dungeon Overview and Level Annotations

Branches:
Dungeon (3/15)

Altars:
Ashenzari
Xom

Annotations:
D:3 Natasha


Innate Abilities, Weirdness & Mutations

You have extremely sharp teeth.
Your natural rate of healing is unusually fast.
When hurt, damage is shared between your health and your magic reserves.
Your bite disrupts and absorbs the magic of your enemies.
Potions and wands cannot restore your health.
You are immune to rotting.


Message History

The crimson imp is severely wounded.
The orc priest mumbles some strange prayers to Beogh against you.
Beogh smites you! The crimson imp hits you.
Your transformation is almost over.
The crimson imp spits at you.
Natasha hisses.
The crimson imp blinks!
Natasha stares at you and mumbles some strange words.
The magic dart hits you!
* * * LOW HITPOINT WARNING * * *
Your talons disappear.
Natasha mewls in sadness.
The giant cockroach barely misses you.
Natasha mumbles some strange words.
Natasha glows brightly for a moment.
There is an escape hatch in the ceiling here.
Things that are here:
a leather armour; a whip The giant cockroach bites you.
Natasha claws you!
You die...

### #<# #)# ########### #.#
#.....(.>.. #.# #.#########
#######)# #.# #.......# #.#
#.##.))######.#
######.##.h@#...##.###
..........s).........#
###............####.###
#...o.###...........#
#..h..##..####.####.##
#########..S..##..##.....##..##
..........o.......#.......#..>###
#.5...........###.#.......#.#....
.........####..##....._.....#####


You could see Natasha, an adder, 2 orcs, a jackal and a giant cockroach.

Vanquished Creatures
  2 orc priests (D:3)
  A gnoll (D:1)
  An adder (D:2)
  A worm (D:2)
  5 dart slugs
  2 giant geckos
  4 orcs
  4 bats
  2 giant cockroaches
  8 goblins
  4 hobgoblins
  17 jackals
  2 quokkas (D:2)
  A ball python (D:2)
  3 giant newts
  9 kobolds
  3 rats
69 creatures vanquished.

Notes
Turn   | Place    | Note
--------------------------------------------------------------
     0 | D:1      | spiff the Vine Stalker Transmuter began the quest for the Orb.
     0 | D:1      | Reached XP level 1. HP: 9/9 MP: 4/4
    72 | D:1      | Reached XP level 2. HP: 8/14 MP: 6/6
   265 | D:1      | Reached XP level 3. HP: 17/17 MP: 7/7
  1180 | D:2      | Reached XP level 4. HP: 8/21 MP: 4/8
  1321 | D:2      | Found a shattered altar of Ashenzari.
  1973 | D:3      | Reached XP level 5. HP: 20/25 MP: 9/9
  2019 | D:3      | Found a shimmering altar of Xom.
  2196 | D:3      | Noticed Natasha
  2228 | D:3      | Slain by Natasha

Skill      XL: |  1  2  3  4  5 |
---------------+----------------+-----
Unarmed Combat | 4 |  4.9
Transmutations | 3 4 |  4.0
Fighting       | |  0.8
Dodging        | |  1.5
Spellcasting   | |  2.1

Action                   |  1- 3 |  4- 6 || total
-------------------------+-------+-------++-------
Melee: Unarmed           |   118 |   125 ||   243
       Bite              |    36 |    35 ||    71
       Headbutt          |     5 |     5 ||    10
       Punch             |     1 |     2 ||     3
       Kick              |       |    13 ||    13
 Cast: Beastly Appendage |     5 |    14 ||    19
 Stab: Sleeping          |     2 |     1 ||     3
  Eat: Chunk             |       |     5 ||     5
Armor: Robe              |    14 |    19 ||    33
Dodge: Dodged            |    69 |    62 ||   131
